 Dungeon Crawl Stone Soup version 0.21-a0-380-gd65dc97 (webtiles) character file.

437 tof the Twirler (level 6, -1/52 HPs)
             Began as a Minotaur Gladiator on Oct 17, 2017.
             Was an Initiate of Ru.
             Slain by a phantom (5 damage)
             ... on level 6 of the Dungeon.
             The game lasted 00:07:47 (4690 turns).

tof the Twirler (Minotaur Gladiator)                Turns: 4690, Time: 00:07:48

Health: -1/52      AC:  5    Str: 18    XL:     6   Next: 69%
Magic:  14/14      EV: 14    Int:  5    God:    Ru [......]
Gold:   202        SH:  0    Dex: 14    Spells: 5/5 levels left

rFire    + . .     SeeInvis .   a - +0 quarterstaff
rCold    . . .     Gourm    .   (shield currently unavailable)
rNeg     . . .     Faith    .   w - +2 leather armour {rF+}
rPois    .         Spirit   .   c - +0 hat
rElec    .         Reflect  .   (no cloak)
rCorr    .         Harm     .   (no gloves)
MR       .....                  (no boots)
Stlth    +.........             (no amulet)
HPRegen  0.17/turn              j - ring of magical power
MPRegen  0.14/turn              (no ring)

@: no status effects
A: retaliatory headbutt, horns 2
a: Renounce Religion


You were on level 6 of the Dungeon.
You worshipped Ru.
Ru was noncommittal.
You were not hungry.

You visited 2 branches of the dungeon, and saw 7 of its levels.

You collected 202 gold pieces.

Inventory:

Hand Weapons
 a - a +0 quarterstaff (weapon)
Missiles
 d - 3 throwing nets (quivered)
 e - 7 poisoned javelins
 x - 35 poisoned needles
Armour
 c - a +0 hat (worn)
 w - a +2 leather armour of fire resistance (worn)
Jewellery
 j - a ring of magical power (left hand)
Scrolls
 b - a scroll of remove curse
 i - 2 scrolls of enchant weapon
 n - a scroll of fog
 r - 2 scrolls of amnesia {unknown}
 s - a scroll of recharging {unknown}
 t - a scroll of enchant armour {unknown}
 v - a scroll of magic mapping {unknown}
 y - a scroll of teleportation {unknown}
Potions
 g - 3 potions of flight {unknown}
 h - 3 potions of agility {unknown}
 l - a potion of degeneration {unknown}
 m - a potion of heal wounds {unknown}
 q - a potion of might {unknown}
 u - a potion of haste {unknown}
 A - 2 potions of curing {unknown}
Comestibles
 f - 7 bread rations
 o - 4 meat rations
 p - 2 royal jellies


   Skills:
 + Level 4.0 Fighting
 * Level 6.1 Staves
 + Level 3.3 Throwing
 + Level 3.2 Armour
 + Level 4.4 Dodging


You had 5 spell levels left.
You didn't know any spells.

Dungeon Overview and Level Annotations

Branches:
Dungeon (6/15)             Temple (1/1) D:4

Altars:
Ashenzari
Cheibriados
Fedhas
Gozag
Kikubaaqudgha
Makhleb
Nemelex Xobeh
Okawaru
Qazlal
Ru
Sif Muna
Trog
Uskayaw
Xom
Yredelemnul
Zin
The Shining One

Annotations:
D:5 Grinder


Innate Abilities, Weirdness & Mutations

You reflexively headbutt those who attack you in melee.
You have a pair of horns on your head.


Message History

You can't go up here!
Grinder gestures at you.
You suddenly lose the ability to move!
You can move again.
You climb downwards.
A phantom comes into view.
There is a stone staircase leading up here.
The phantom blinks!
You hit the phantom. You headbutt the phantom.
The phantom is lightly damaged.
The phantom blinks!
The phantom hits you.
* * * LOW HITPOINT WARNING * * *
You miss the phantom.
The phantom is lightly damaged.
The phantom hits you but does no damage.
You sock the phantom!
The phantom is moderately damaged.
The phantom hits you.
You die...

# . ##.### . ..#
#.#.### #.#...#
#...W.#
#.@.##...
#.........
#.#####.####.#..
#......<# #
#########


You could see a phantom.

Vanquished Creatures
  A phantom (D:4)
  2 scorpions (D:4)
  A howler monkey (D:5)
  An orc wizard (D:4)
  2 worker ants (D:4)
  4 adders
  A shadow imp (D:5)
  An ooze (D:1)
  A worm (D:3)
  2 dart slugs
  3 leopard geckos
  5 orcs
  5 bats
  4 giant cockroaches
  12 goblins
  10 hobgoblins
  4 jackals (D:5)
  2 quokkas
  2 ball pythons
  3 frilled lizards
  9 kobolds
  12 rats
87 creatures vanquished.

Notes
Turn   | Place    | Note
-------+----------+-------------------------------------------
     0 | D:1      | tof the Minotaur Gladiator began the quest for the Orb.
     0 | D:1      | Reached XP level 1. HP: 18/18 MP: 0/0
    28 | D:1      | Reached XP level 2. HP: 21/25 MP: 1/1
   157 | D:1      | Reached skill level 4 in Staves
   423 | D:1      | Reached skill level 1 in Armour
   548 | D:1      | Reached XP level 3. HP: 30/30 MP: 2/2
  1102 | D:2      | Found a snail-covered altar of Cheibriados.
  1371 | D:2      | Found an iron altar of Okawaru.
  1758 | D:3      | Reached XP level 4. HP: 38/38 MP: 3/3
  2563 | D:4      | Noticed a phantom
  2594 | D:4      | Killed a phantom
  2594 | D:4      | Reached skill level 5 in Staves
  2594 | D:4      | Reached XP level 5. HP: 12/45 MP: 4/4
  3171 | D:4      | Reached XP level 6. HP: 44/52 MP: 5/5
  3568 | D:4      | Found a staircase to the Ecumenical Temple.
  3574 | Temple   | Entered the Ecumenical Temple
  3633 | Temple   | Became a worshipper of Ru the Awakened
  3990 | D:5      | Entered Level 5 of the Dungeon
  4012 | D:5      | Noticed Grinder
  4026 | D:5      | Paralysed by Grinder for 2 turns
  4031 | D:5      | Reached skill level 6 in Staves
  4033 | D:5      | Paralysed by Grinder for 6 turns
  4328 | D:5      | Paralysed by Grinder for 7 turns
  4342 | D:5      | Paralysed by Grinder for 2 turns
  4652 | D:5      | Paralysed by Grinder for 5 turns
  4672 | D:5      | Paralysed by Grinder for 6 turns
  4682 | D:5      | Paralysed by Grinder for 2 turns
  4690 | D:6      | Slain by a phantom

Vault maps used:
D:1:      dpeg_arrival_round_b
D:2:      okawaru_altar_gauntlet_db, first_bread, kennysheep_slug_shrine
D:3:      kennysheep_generic_room_9
D:4:      minmay_temple_entry_fiery
D:5:      overflow_temple_1_default, minmay_misc_feat_doors,
          minmay_fire_ice_demons, uniq_crazy_yiuf_cottage, uniq_grinder
D:6:      lemuel_coloured_pillars_altar, nicolae_overflow_crystal_walls,
          kennysheep_pointless_box
Temple:   eino_wide_crystal_templ

Skill      XL: |  1  2  3  4  5  6 |
---------------+-------------------+-----
Staves         | 4 5 6 |  6.1
Armour         | 1 2 3 |  3.2
Fighting       | 3 4 |  4.0
Dodging        | 4 |  4.4
Throwing       | 3 |  3.3

Action                   |  1- 3 |  4- 6 || total
-------------------------+-------+-------++-------
Melee: Quarterstaff      |    99 |   111 ||   210
       Headbutt          |    16 |    17 ||    33
  Use: Scroll            |       |     5 ||     5
  Eat: Chunk             |     3 |     6 ||     9
       Bread ration      |       |     1 ||     1
Armor: Leather armour    |    16 |    36 ||    52
       Chain mail        |    38 |     8 ||    46
Dodge: Dodged            |    63 |    84 ||   147

Table legend:
 A = Spawn XP
 B = Non-spawn XP
 C = Spawn XP percentage of total XP
 D = Spawn monster count
 E = Non-spawn monster count
 F = Spawn count percentage of total count
 G = Total turns spent on level
                    A         B        C        D         E        F      G
               +---------+---------+-------+---------+---------+-------+---------
         Total |       0 |     625 |   0.0 |       0 |      87 |   0.0 |  4690
               +---------+---------+-------+---------+---------+-------+---------
           D:1 |       0 |      43 |   0.0 |       0 |      22 |   0.0 |   687
           D:2 |       0 |      42 |   0.0 |       0 |      18 |   0.0 |   895
           D:3 |       0 |      50 |   0.0 |       0 |      22 |   0.0 |   793
           D:4 |       0 |     402 |   0.0 |       0 |      16 |   0.0 |  2090
           D:5 |       0 |      88 |   0.0 |       0 |       9 |   0.0 |   144
               +---------+---------+-------+---------+---------+-------+---------
